Cogmind - Beta 15 @@@ ROGUE MODE // 2025.09.20 @ 13:20:56 Player: beans Result: Destroyed by Lightning with EMDS Performance ------------- Evolutions (4) 2000 Regions Visited (10) 2000 Robots Destroyed (212) 1060 Value Destroyed (6249) 6249 Prototype IDs (13) 260 Alien Tech Used (0) 0 Bonus (3791) 3791 TOTAL SCORE: 15360 Bonus ------- Pacifist 200 High Alert Combat Kills 674 Follower Combat Kills 1710 Network Hubs Disabled 200 Built Enhanced Grunts 300 A7 Reached Mainframe 300 Met R17 at Cetus 500 Friendly Fire -93 Cogmind --------- Core Integrity 0/850 Matter 513/800 Energy 330/500 System Corruption 9% Temperature Cool (0) Movement Flying (232) Ox3 Location -6/Hub_04(d) Parts ------- > --- POWER (2) -------- F-cell Engine > --- PROPULSION (2) --- Biomechanical Wings Biomechanical Wings > --- UTILITY (8) ------ Matter Compressor Matter Compressor Advanced Targeting Computer Target Analyzer Weapon Cycler (fused) Weapon Cycler > --- WEAPON (3) ------- Hypervelocity Gauss Rifle KE Penetrator Heavy Flak Cannon > --- INVENTORY (5) ---- Biomechanical Wings Biomechanical Wings Biomechanical Wings Matter Compressor (54) Matter Compressor (0) Peak State ------------ > --- POWER ------------ Neutrino Core Quantum Reactor > --- PROPULSION ------- Centrium Heavy Treads > --- UTILITY ---------- Matter Compressor Matter Compressor Matter Compressor Matter Compressor Advanced Targeting Computer Target Analyzer Centrium Medium Armor Plating Improved System Shield > --- WEAPON ----------- Wave Gun KE Penetrator Advanced KE Penetrator > --- INVENTORY -------- Nuclear Pulse Thruster Nuclear Pulse Thruster Nuclear Pulse Thruster Advanced Variable Charge Gun Coil Gun [Rating: 95] Favorites ----------- Power Improved Ion Engine Engine Improved Ion Engine Power Core Neutrino Core Reactor Quantum Reactor Propulsion Medium Treads Treads Medium Treads Leg Carbon-fiber Leg Hover Unit Improved Gravmag System Flight Unit Biomechanical Wings Utility Matter Compressor Device Heat Sink Storage Matter Compressor Processor Advanced Targeting Computer Hackware Improved System Shield Protection Centrium Medium Armor Plating Weapon Advanced Assault Cannon Energy Gun Field Laser Ballistic Gun Gauss Rifle Ballistic Cannon Advanced Assault Cannon Launcher Improved Grenade Launcher Impact Weapon Great Maul Build | -11 -10 -9 -9 -8 -7 -6 -6 -6 -6 -6 ------- Run | Yrd Mat Mat Sto Mat Fac Fac Ext Cet Arc Hub Slots Evolved 8 | . . 2 . 2 2 2 . . . . Power 1 | . . . . 1 . . . . . . Propulsion . | . . . . . . . . . . . Utility 6 | . . 1 . 1 2 2 . . . . Weapon 1 | . . 1 . . . . . . . . Parts Attached 89 | 6 2 7 7 3 13 . 26 5 5 15 Power 10 | 1 1 . 1 . 2 . 1 1 1 2 Engine 7 | 1 1 . 1 . 2 . 1 . . 1 Core 1 | . . . . . . . . . 1 . Reactor 2 | . . . . . . . . 1 . 1 Propulsion 19 | 2 . . 2 . 3 . 8 1 . 3 Treads 6 | . . . 2 . . . 3 1 . . Leg 6 | 2 . . . . 2 . 2 . . . Wheel . | . . . . . . . . . . . Hover 2 | . . . . . 1 . 1 . . . Flight 5 | . . . . . . . 2 . . 3 Utility 23 | . 1 1 2 1 6 . 7 1 1 3 Device 11 | . 1 . 2 1 2 . 1 . 1 3 Storage 5 | . . 1 . . . . 4 . . . Processor 2 | . . . . . 2 . . . . . Hackware 4 | . . . . . 2 . 2 . . . Protection 1 | . . . . . . . . 1 . . Artifact . | . . . . . . . . . . . Weapon 37 | 3 . 6 2 2 2 . 10 2 3 7 Energy Gun 9 | . . 3 . . 1 . 1 1 2 1 Energy Cannon . | . . . . . . . . . . . Ballistic Gun 17 | 3 . 3 2 1 . . 4 1 1 2 Ballistic Cannon 9 | . . . . 1 1 . 3 . . 4 Launcher 1 | . . . . . . . 1 . . . Special Weapon . | . . . . . . . . . . . Impact Weapon 1 | . . . . . . . 1 . . . Slashing Weapon . | . . . . . . . . . . . Piercing Weapon . | . . . . . . . . . . . Special Melee Weapon . | . . . . . . . . . . . Unidentified Prototypes 9 | . . . 2 . . . . 4 . 3 Parts Lost 38 | . . . 3 . 12 2 10 1 2 8 Power 4 | . . . . . 3 . . . . 1 Propulsion 10 | . . . 2 . 3 1 3 . . 1 Utility 10 | . . . 1 . 3 . 2 1 . 3 Weapon 14 | . . . . . 3 1 5 . 2 3 Highest Loss Streak 3 | . . . 2 . 3 2 2 1 2 3 To Critical Strikes 2 | . . . . . . . . 1 1 . Average Backups 4 | . . 2 4 4 4 3 4 5 4 4 Power . | . . . . . . . . . . . Propulsion 1 | . . . . . . . 2 3 2 2 Utility . | . . . . 2 1 1 . . . 1 Weapon 2 | . . 2 3 2 2 2 2 2 1 1 Tool/Special . | . . . . . . . . . . . Unused Backups 11 | . . . . 1 . . 3 . 1 6 Power . | . . . . . . . . . . . Propulsion 7 | . . . . . . . 1 . 1 5 Utility 1 | . . . . . . . 1 . . . Weapon 3 | . . . . 1 . . 1 . . 1 Tool/Special . | . . . . . . . . . . . Average Slot Usage (%) 77 | . 78 75 89 71 72 36 65 91 86 89 Engine 4 | . 14 11 10 9 6 . 3 . . 2 Reactor 1 | . . . . . . . . 5 6 4 Treads 5 | . . . 6 18 4 . 6 12 6 3 Leg 4 | . 28 22 9 . 7 3 3 . . . Flight 1 | . . . . . . . . . . 5 Device 10 | . 7 11 23 19 15 6 4 . 1 13 Storage 11 | . . 3 6 . . . 12 26 26 20 Processor 9 | . . . . . 6 13 13 13 13 13 Hackware 3 | . . . . . 7 6 3 6 6 2 Energy Gun 5 | . . 1 29 8 4 6 . 5 8 3 Ballistic Gun 7 | . 28 26 3 12 5 . 6 5 7 9 Ballistic Cannon 6 | . . . . 5 10 . 9 7 . 5 Peak Build Rating 95 | 5 8 17 19 20 35 20 62 89 95 92 Average Rating 47 | 3 6 11 17 16 29 15 43 77 89 76 On Entrance 30 | . 5 8 17 15 18 17 13 60 89 92 Naked Turns . | . . . . . . . . . . . Heaviest Build 77 | 9 13 21 22 22 26 4 52 64 77 77 Greatest Support 80 | 20 20 20 40 40 40 15 56 80 80 80 Greatest Overweight (x) 23 | 2 . 1 7 . 6 1 3 1 . 23 Average Overweight (x) . | . . . 1 . . . . . . 1 Largest Inventory Capacity 5 | 5 5 5 5 5 5 5 5 5 5 5 Average Capacity 5 | 5 5 5 5 5 5 5 5 5 5 5 Most Carried 5 | 2 1 5 5 5 5 4 5 5 5 5 Average Carried 4 | . . 2 4 4 4 3 4 5 4 4 Final Capacity 5 | 5 5 5 5 5 5 5 5 5 5 5 Final Carried 5 | . . 4 5 5 4 3 5 5 5 5 Class Distribution -------------------- 41% | Gunner 18% | Scavenger-Gunner 15% | Mutant 9% | Tank 5% | Scavenger-Mutant 3% | Hacker-Gunner 3% | Scavenger-Tank Dominant Class ---------------- Mutant | -10/Materials Tank | -9/Materials Tank | -9/Storage Gunner | -8/Materials Scavenger-Gunner | -7/Factory Mutant | -6/Factory Gunner | -6/Extension Gunner | -6/Cetus Scavenger-Tank | -6/Archives Gunner | -6/Hub_04(d) Resources | -11 -10 -9 -9 -8 -7 -6 -6 -6 -6 -6 ----------- Run | Yrd Mat Mat Sto Mat Fac Fac Ext Cet Arc Hub Matter Collected 6630 | 69 . 330 532 412 768 . 3261 166 4 1088 Remotely . | . . . . . . . . . . . Salvage Created 9271 | . . 377 1171 755 992 54 3539 95 124 2164 Parts 416 | . . 23 67 39 50 . 123 4 4 106 Haulers Intercepted 27 | . . 3 5 . . . 16 . . 3 Recyclers Shooed 8 | . . . 2 3 1 . 2 . . . Parts Field Recycled . | . . . . . . . . . . . Retrieved Matter . | . . . . . . . . . . . Parts Self-Destructed . | . . . . . . . . . . . Prevented . | . . . . . . . . . . . Kills | -11 -10 -9 -9 -8 -7 -6 -6 -6 -6 -6 ------- Run | Yrd Mat Mat Sto Mat Fac Fac Ext Cet Arc Hub Combat Hostiles Destroyed 116 | . . 7 21 13 18 1 26 1 2 27 Melee 3 | . . . . . . . 3 . . . Guns 75 | . . 7 19 8 9 1 8 1 1 21 Cannons 33 | . . . . 5 9 . 12 . 1 6 AOE 2 | . . . . . . . 2 . . . Classes Destroyed 17 | . . 5 3 1 4 . 1 . . 3 Worker 20 | . . . 1 3 5 . 7 . . 4 Builder 12 | . . . . . 1 . 8 . . 3 Tunneler 4 | . . . . . . . 4 . . . Hauler 27 | . . 3 5 . . . 16 . . 3 Recycler 14 | . . . 2 3 3 . 4 . . 2 Mechanic 1 | . . . . . 1 . . . . . Operator 1 | . . . 1 . . . . . . . Watcher 16 | . . 2 1 3 1 . 3 2 . 4 Swarmer 25 | . . 3 7 4 3 . 6 . . 2 Cutter 2 | . . . . . . . . . . 2 Grunt 46 | . . 2 9 7 5 1 13 . . 9 Duelist 2 | . . . . . 1 . . . . 1 Sentry 18 | . . 2 5 1 2 . 3 . 2 3 Specialist 4 | . . . . . . . . . . 4 Hunter 10 | . . . . 1 5 . 3 . . 1 Programmer 6 | . . . . . 2 . . . . 4 Behemoth 1 | . . . . . . . . . . 1 Cetus Guard 1 | . . . . . . . . 1 . . Enhanced Grunt 1 | . . . . . . . . . . 1 Thug 1 | . . . . . . . 1 . . . Best Kill Streak 8 | . . 7 8 8 6 1 8 2 1 5 Combat Bots Only 8 | . . 5 8 4 4 1 5 1 1 4 Max Kills in Single Turn 3 | . . 1 2 2 2 1 3 1 1 1 Gunslinging 1 | . . . 1 . . . . . . . Exploded 2 | . . . . . . . 2 . . . Melee 1 | . . . . . . . 1 . . . Uniques/NPCs Destroyed . | . . . . . . . . . . . Combat | -11 -10 -9 -9 -8 -7 -6 -6 -6 -6 -6 -------- Run | Yrd Mat Mat Sto Mat Fac Fac Ext Cet Arc Hub Hostile Shots Fired 832 | . . 51 98 67 140 10 227 12 8 219 Missed 302 | . . 21 32 21 56 3 96 6 3 64 Hits 530 | . . 30 66 46 84 7 131 6 5 155 Melee 5 | . . . . 1 1 . . . . 3 Projectile 525 | . . 30 66 45 83 7 131 6 5 152 AOE 1 | . . . . . . . . . . 1 Critical Strikes 23 | . . 1 5 1 . 1 10 1 1 3 Part Disruptions 5 | . . . . . . . . . . 5 Damage Taken 7429 | . . 232 546 659 1204 129 1703 132 119 2705 Core 1407 | . . 31 115 126 277 54 419 . . 385 Absorbed by Shields 631 | . . 94 160 . . . 293 84 . . Regen/Repaired (Parts) 65 | . . . . . 65 . . . . . Core Remaining (%) 80 | 100 100 . 63 77 60 . . . . . Volleys Fired 528 | . 2 27 60 42 69 10 165 10 10 133 Largest 3 | . 2 3 3 3 3 1 3 3 3 3 Hottest 197 | . 40 189 189 125 183 63 120 155 197 197 Shots Fired 1339 | . 4 76 168 121 169 10 396 29 23 343 Gun 883 | . 4 76 168 88 93 10 187 9 20 228 Cannon 455 | . . . . 33 76 . 208 20 3 115 Launcher 1 | . . . . . . . 1 . . . Special . | . . . . . . . . . . . Kinetic 1012 | . 4 73 14 84 122 . 393 25 11 286 Thermal 326 | . . 3 154 37 47 10 2 4 12 57 Explosive 1 | . . . . . . . 1 . . . Electromagnetic . | . . . . . . . . . . . Robot Hit Streak 18 | . . 6 18 10 16 9 18 9 7 13 Robot Miss Streak 8 | . 2 8 4 6 5 2 7 1 1 6 Penetration Max 2 | . . . . . . . 2 . . 1 Secondary Targets 12 | . . 3 3 . 2 . . . . 4 Max Gunslinging Chain 1 | . . 1 1 . 1 . . . . 1 Shots Hit Robots 823 | . . 45 95 74 105 7 242 22 12 221 Core Hits 439 | . . 21 36 58 72 4 135 6 4 103 Critical Kills 12 | . . . . . . . 5 1 . 6 Critical Parts Destroyed 28 | . . 1 1 . . . 12 1 2 11 Critical Strikes 85 | . . 1 6 3 4 1 34 4 3 29 Burn 12 | . . . 5 3 . 1 . . . 3 Destroy 36 | . . 1 1 . . . 13 2 2 17 Blast 33 | . . . . . 4 . 17 2 1 9 Smash 4 | . . . . . . . 4 . . . Melee Attacks 9 | . . . . . . . 9 . . . Impact 9 | . . . . . . . 9 . . . Slashing . | . . . . . . . . . . . Piercing . | . . . . . . . . . . . Sneak Attacks 4 | . . . . . . . 4 . . . Combat Hostiles 1 | . . . . . . . 1 . . . Follow-up Attacks . | . . . . . . . . . . . Damage Inflicted 20550 | . . 672 1669 1426 2255 151 7538 622 344 5873 Guns 12167 | . . 672 1669 888 1116 151 3542 203 263 3663 Cannons 7405 | . . . . 538 1139 . 3018 419 81 2210 Explosions 411 | . . . . . . . 411 . . . Melee 567 | . . . . . . . 567 . . . Ramming . | . . . . . . . . . . . Kinetic 15622 | . . 672 144 965 1545 . 6540 520 175 5061 Thermal 4342 | . . . 1525 461 710 151 412 102 169 812 Explosive 19 | . . . . . . . 19 . . . Electromagnetic . | . . . . . . . . . . . Impact 567 | . . . . . . . 567 . . . Slashing . | . . . . . . . . . . . Piercing . | . . . . . . . . . . . Highest Corruption 8 | . . . . . . . . . . 8 Average Corruption 4 | . . . . . . . . . . 4 Corruption Purged . | . . . . . . . . . . . Corruption Blocked . | . . . . . . . . . . . Effects 48 | . . . . . . . . . . 48 Message Errors 7 | . . . . . . . . . . 7 Matter Fused 8 | . . . . . . . . . . 8 Heat Flow Errors 8 | . . . . . . . . . . 8 Energy Discharges 6 | . . . . . . . . . . 6 Parts Rejected 1 | . . . . . . . . . . 1 Parts Fused 1 | . . . . . . . . . . 1 Data Loss (minor) 9 | . . . . . . . . . . 9 Misfires 2 | . . . . . . . . . . 2 Alerts 1 | . . . . . . . . . . 1 Weapon Failures 5 | . . . . . . . . . . 5 Overload Shots . | . . . . . . . . . . . Overflow Damage 361 | . . . . . 14 . 286 . . 61 Projectiles 76 | . . . . . 14 . 29 . . 33 Explosions 52 | . . . . . . . 24 . . 28 Melee 233 | . . . . . . . 233 . . . Knockbacks 69 | . . . . 16 15 . 15 . . 23 Impact 2 | . . . . . . . 2 . . . Kinetic 64 | . . . . 16 15 . 13 . . 20 Secondary 3 | . . . . . . . . . . 3 Self-Inflicted Damage 107 | . . . . . . . . . . 107 Shots 1 | . . . . . . . . . . 1 Rammed . | . . . . . . . . . . . Targets Rammed . | . . . . . . . . . . . Kicked . | . . . . . . . . . . . Crushed . | . . . . . . . . . . . Highest Temperature 558 | . . 123 445 68 163 . 192 238 256 558 Average Temperature 84 | . . 13 152 20 76 . 37 85 92 99 Received Heat Transfer 1763 | . . 62 211 270 351 81 361 4 9 414 Effects 9 | . . . 7 . . . . . . 2 Shutdowns 3 | . . . 1 . . . . . . 2 Energy Bleed 3 | . . . 3 . . . . . . . Interference 2 | . . . 2 . . . . . . . Short Circuit 1 | . . . 1 . . . . . . . Siege Activations 1 | . . . . . . . . . 1 . Total Turns 2 | . . . . . . . . . 2 . Longest Duration 2 | . . . . . . . . . 2 . Martial Activations . | . . . . . . . . . . . Shielding Activations . | . . . . . . . . . . . Robots Disrupted . | . . . . . . . . . . . Combat Hostiles . | . . . . . . . . . . . Robots Corrupted 1 | . . . . . . . 1 . . . Combat Hostiles 1 | . . . . . . . 1 . . . Parts Fried 2 | . . . . . . . 2 . . . Impact Corruptions 5 | . . . . . . . 5 . . . Robots Melted 2 | . . . 2 . . . . . . . Combat Hostiles 2 | . . . 2 . . . . . . . Parts Melted 18 | . . . 10 2 4 . . . . 2 Heat Transferred 9059 | . . . 3700 1221 1594 407 287 148 222 1480 Parts Sabotaged . | . . . . . . . . . . . Parts Stolen . | . . . . . . . . . . . Parts Stripped . | . . . . . . . . . . . Power Chain Reactions . | . . . . . . . . . . . Alert | -11 -10 -9 -9 -8 -7 -6 -6 -6 -6 -6 ------- Run | Yrd Mat Mat Sto Mat Fac Fac Ext Cet Arc Hub Maximum Alert Level 4 | . . . 1 1 . . 2 2 1 4 Low Security (%) 60 | 100 100 100 32 77 100 100 74 . 72 18 Level 1 18 | . . . 67 22 . . 18 75 27 1 Level 2 4 | . . . . . . . 7 24 . 3 Level 3 13 | . . . . . . . . . . 61 Level 4 3 | . . . . . . . . . . 15 Level 5 . | . . . . . . . . . . . High Security . | . . . . . . . . . . . Max Security . | . . . . . . . . . . . Peak Influence 1313 | . . 144 333 292 176 81 694 464 276 1313 Initial 386 | . . . 48 137 125 81 14 386 132 13 Average 295 | . . 67 191 164 74 53 151 342 154 826 Influence Increases 5917 | . . 261 633 353 655 50 1413 292 196 2064 Destroy 0b10 Robot/C 3020 | . . 140 420 260 360 20 780 160 80 800 Destroy 0b10 Robot/NC 500 | . . 25 50 45 55 . 210 10 . 105 Destroy Leader 682 | . . 30 102 46 122 . 126 . . 256 Allied During Kill 832 | . . . . . . . 79 102 80 571 Successful Hack 90 | . . 5 . 2 68 . 7 8 . . Disable Machine 315 | . . . 30 . 30 . 60 . 30 165 Destroy Structure 238 | . . 1 1 . 5 . 61 12 6 152 Partial Spotted 45 | . . . 15 . . . 30 . . . Lose Combat Pursuer 195 | . . 60 15 . 15 30 60 . . 15 Influence Decreases 4616 | . . 147 422 402 765 185 754 652 488 801 Entered New Map 1034 | . . . 66 188 151 85 17 304 198 25 Time Decay 3038 | . . 147 326 214 494 80 553 318 270 636 Lost Part 364 | . . . 30 . 120 20 84 10 20 80 Lost Ally 180 | . . . . . . . 100 20 . 60 Squads Dispatched 37 | . . 1 2 1 9 2 6 . . 16 Investigation 6 | . . . . . 5 . 1 . . . Extermination 6 | . . . . . 3 . . . . 3 Reinforcement 19 | . . 1 2 1 1 2 5 . . 7 Assault 3 | . . . . . . . . . . 3 Garrison 3 | . . . . . . . . . . 3 Intercept . | . . . . . . . . . . . Searches Triggered . | . . . . . . . . . . . Construction Impeded 4 | . . . . . . . 3 . . 1 Haulers Reinforced 3 | . . . . . . 1 . . . 2 Active Scanning Responses . | . . . . . . . . . . . Cargo Convoy Interrupts . | . . . . . . . . . . . Stealth | -11 -10 -9 -9 -8 -7 -6 -6 -6 -6 -6 --------- Run | Yrd Mat Mat Sto Mat Fac Fac Ext Cet Arc Hub Distress Signals 13 | . . 2 3 1 . . 4 2 . 1 Communications Jammed . | . . . . . . . . . . . Distress Signals . | . . . . . . . . . . . Times Spotted 212 | . . 16 29 20 27 4 46 9 7 54 Peak Tracking Total 10 | . . 5 10 5 4 1 5 5 1 7 Tactical Retreats 11 | . . 2 1 . 1 2 4 . . 1 Traps | -11 -10 -9 -9 -8 -7 -6 -6 -6 -6 -6 ------- Run | Yrd Mat Mat Sto Mat Fac Fac Ext Cet Arc Hub Traps Triggered 9 | . . . 1 . 3 . 2 . . 3 Indirectly . | . . . . . . . . . . . Trap Hack Attempts . | . . . . . . . . . . . Triggered . | . . . . . . . . . . . Disarmed . | . . . . . . . . . . . Reprogrammed . | . . . . . . . . . . . Reused . | . . . . . . . . . . . Traps Extracted . | . . . . . . . . . . . Installed . | . . . . . . . . . . . Triggered . | . . . . . . . . . . . Machines | -11 -10 -9 -9 -8 -7 -6 -6 -6 -6 -6 ---------- Run | Yrd Mat Mat Sto Mat Fac Fac Ext Cet Arc Hub Machines Disabled 23 | . . . 2 . 2 . 6 . 2 11 Max in Single Turn 6 | . . . 1 . 1 . 3 . 1 6 Garrison Access 1 | . . . . . . . . . . 1 Network Hub 1 | . . . . . . . . . . 1 Energy Cycler 4 | . . . . . . . 4 . . . Machines Repaired . | . . . . . . . . . . . Machines Dismantled . | . . . . . . . . . . . Machines Sabotaged . | . . . . . . . . . . . Overloaded Fab Kills . | . . . . . . . . . . . Hacking | -11 -10 -9 -9 -8 -7 -6 -6 -6 -6 -6 --------- Run | Yrd Mat Mat Sto Mat Fac Fac Ext Cet Arc Hub Machines Accessed 26 | . . 1 2 1 9 . 4 3 1 5 Terminals 19 | . . 1 2 . 5 . 4 3 . 4 Fabricators 1 | . . . . . 1 . . . . . Repair Stations 3 | . . . . . 3 . . . . . Recycling Units . | . . . . . . . . . . . Scanalyzers 1 | . . . . 1 . . . . . . Garrison Access 1 | . . . . . . . . . . 1 Total Hacks 80 | . . 4 2 2 27 . 7 5 25 8 Successful 53 | . . 2 1 2 14 . 4 2 25 3 Failed 27 | . . 2 1 . 13 . 3 3 . 5 Catastrophic 3 | . . . . . 2 . . 1 . . Database Lockouts . | . . . . . . . . . . . Manual 16 | . . . 1 . 7 . . 1 4 3 Terminals 37 | . . 4 2 . 12 . 7 5 . 7 Fabricators 3 | . . . . . 3 . . . . . Repair Stations 12 | . . . . . 12 . . . . . Recycling Units . | . . . . . . . . . . . Scanalyzers 2 | . . . . 2 . . . . . . Garrison Access 1 | . . . . . . . . . . 1 Terminal Hacks 40 | . . 2 1 . 4 . 4 2 25 2 Record 28 | . . 1 . . . . . 1 25 1 Part Schematic 2 | . . . . . 1 . 1 . . . Robot Analysis 1 | . . . . . . . . . . 1 Prototype ID Bank 2 | . . 1 . . 1 . . . . . Open Door 5 | . . . 1 . . . 3 1 . . Terminal Index 1 | . . . . . 1 . . . . . Repair Station Index 1 | . . . . . 1 . . . . . Fabricator Hacks 1 | . . . . . 1 . . . . . Load Schematic 1 | . . . . . 1 . . . . . Repair Station Hacks 9 | . . . . . 9 . . . . . Scan Component 7 | . . . . . 7 . . . . . Repair 2 | . . . . . 2 . . . . . Recycling Unit Hacks . | . . . . . . . . . . . Scanalyzer 2 | . . . . 2 . . . . . . Insert Component 1 | . . . . 1 . . . . . . Analyze 1 | . . . . 1 . . . . . . Garrison Access Hacks 1 | . . . . . . . . . . 1 Seal Access 1 | . . . . . . . . . . 1 Unauthorized Hacks . | . . . . . . . . . . . Terminals . | . . . . . . . . . . . Fabricators . | . . . . . . . . . . . Repair Stations . | . . . . . . . . . . . Recycling Units . | . . . . . . . . . . . Scanalyzers . | . . . . . . . . . . . Garrison Access . | . . . . . . . . . . . Data Cores Recovered 3 | . . . 1 . . . . . . 2 Used . | . . . . . . . . . . . Hacking Detections 13 | . . 1 . . 8 . 2 1 . 1 Full Trace Events 5 | . . . . . 4 . 1 . . . Feedback Events . | . . . . . . . . . . . Feedback Blocked . | . . . . . . . . . . . Robot Schematics Acquired . | . . . . . . . . . . . Robots Built . | . . . . . . . . . . . Authchips . | . . . . . . . . . . . Time . | . . . . . . . . . . . Total Robot Build Rating . | . . . . . . . . . . . Part Schematics Acquired 3 | . . . . 1 1 . 1 . . . Parts Built . | . . . . . . . . . . . Authchips . | . . . . . . . . . . . Time . | . . . . . . . . . . . Total Part Build Rating . | . . . . . . . . . . . Parts Repaired 2 | . . . . . 2 . . . . . Time 76 | . . . . . 76 . . . . . Parts Recycled . | . . . . . . . . . . . Recycled Matter . | . . . . . . . . . . . Retrieved Matter . | . . . . . . . . . . . Retrieved Components . | . . . . . . . . . . . Parts Scanalyzed 1 | . . . . 1 . . . . . . Part Schematics Acquired 1 | . . . . 1 . . . . . . Parts Damaged . | . . . . . . . . . . . Bothacking | -11 -10 -9 -9 -8 -7 -6 -6 -6 -6 -6 ------------ Run | Yrd Mat Mat Sto Mat Fac Fac Ext Cet Arc Hub Used RIF Installer . | . . . . . . . . . . . Robots Hacked . | . . . . . . . . . . . Non-combat . | . . . . . . . . . . . Combat . | . . . . . . . . . . . Robot Hacks Applied . | . . . . . . . . . . . Relay Couplers Released . | . . . . . . . . . . . Fabnet Peak Effective % . | . . . . . . . . . . . Robots Rewired . | . . . . . . . . . . . Allies Hacked . | . . . . . . . . . . . Hacks Repelled . | . . . . . . . . . . . Allies | -11 -10 -9 -9 -8 -7 -6 -6 -6 -6 -6 -------- Run | Yrd Mat Mat Sto Mat Fac Fac Ext Cet Arc Hub Total Allies 12 | . . . . . . . 7 5 . . Largest Group 7 | . . . . . . . 2 7 6 5 Highest-Rated Group 678 | . . . . . . . 198 678 582 423 Highest-Rated Ally 159 | . . . . . . . 159 159 159 96 Total Orders 1 | . . . . . . . . . . 1 FOLLOW 1 | . . . . . . . . . . 1 Ally Attacks 180 | . . . . . . . 66 40 9 65 Total Damage 5058 | . . . . . . . 1362 1068 277 2351 Kills 41 | . . . . . . . 13 7 2 19 Allies Corrupted . | . . . . . . . . . . . Allies Melted . | . . . . . . . . . . . Intel | -11 -10 -9 -9 -8 -7 -6 -6 -6 -6 -6 ------- Run | Yrd Mat Mat Sto Mat Fac Fac Ext Cet Arc Hub Active Infowar (turns) . | . . . . . . . . . . . Robot Analysis Total 1 | . . . . . . . . . . 1 Derelict Logs Recovered . | . . . . . . . . . . . Drone Launches . | . . . . . . . . . . . Drone Recoveries . | . . . . . . . . . . . Exploration | -11 -10 -9 -9 -8 -7 -6 -6 -6 -6 -6 ------------- Run | Yrd Mat Mat Sto Mat Fac Fac Ext Cet Arc Hub Turns Passed 10208 | 47 163 386 733 449 1707 168 3013 715 586 2241 Spaces Moved 4777 | 34 128 205 237 192 959 134 1421 267 294 906 Core 371 | 16 . . 32 . 1 64 257 . . 1 Treads 2339 | . . . 96 192 319 . 640 267 294 531 Legs 1391 | 18 128 205 109 . 567 70 294 . . . Wheels . | . . . . . . . . . . . Hover 213 | . . . . . 72 . 141 . . . Flight 463 | . . . . . . . 89 . . 374 Fastest Speed 32 | 50 120 120 160 160 120 100 32 160 160 160 Average Speed 154 | 104 120 136 211 160 147 110 123 219 160 191 Slowest Speed 1200 | 150 120 190 400 160 350 120 240 240 160 1200 Overloaded Moves . | . . . . . . . . . . . Propulsion Burnouts . | . . . . . . . . . . . Robots Hopped . | . . . . . . . . . . . Potential Cave-ins 8 | . . . . . . . 8 . . . Cave-ins Triggered . | . . . . . . . . . . . Exploration Rate (%) 45 | 4 24 24 56 29 32 4 75 86 98 72 Regions Visited 10 Branch Regions 5 Pre-discovered Areas . | . . . . . . . . . . . Known Exits Taken . | . . . . . . . . . . . Unknown Exits Taken 10 | 1 1 1 1 1 1 1 1 1 1 . Scrap Searched . | . . . . . . . . . . . Spaces Dug 11 | . . . . . . . 8 . 2 1 Terrain Destroyed 281 | . . . . . 3 . 88 3 5 182 Melee . | . . . . . . . . . . . Projectile 74 | . . . . . 3 . 41 3 5 22 AOE 206 | . . . . . . . 47 . . 159 Terrain Rammed . | . . . . . . . . . . . Walls Destroyed . | . . . . . . . . . . . Machines Disabled . | . . . . . . . . . . . Actions | -11 -10 -9 -9 -8 -7 -6 -6 -6 -6 -6 --------- Run | Yrd Mat Mat Sto Mat Fac Fac Ext Cet Arc Hub Total 6548 | 46 134 252 336 247 1114 144 2333 375 389 1178 Wait 968 | . . 3 22 3 60 . 661 89 75 55 Move 4766 | 33 127 204 236 191 958 133 1420 266 293 905 Hop . | . . . . . . . . . . . Pick Up 52 | 6 2 7 2 1 2 . 17 . 3 12 Fast Attach 60 | . . 3 8 3 15 . 15 5 2 9 Attach 34 | 6 2 2 1 1 1 1 11 . 1 8 Detach 5 | . . . . 1 . . 2 . . 2 Swap 21 | . . 2 3 1 1 . 6 . 3 5 Drop 48 | 1 1 4 4 4 3 . 11 5 2 13 Fire 528 | . 2 27 60 42 69 10 165 10 10 133 Melee 9 | . . . . . . . 9 . . . Ram . | . . . . . . . . . . . Kick . | . . . . . . . . . . . Crush . | . . . . . . . . . . . Escape Stasis 57 | . . . . . 5 . 16 . . 36 Rewire . | . . . . . . . . . . . Trap . | . . . . . . . . . . . Miscellaneous . | . . . . . . . . . . . Route ------- -11/Scrapyard -10/Materials -9/Materials (discovered 2 exits: *Mat / *Sto) -9/Storage -8/Materials -7/Factory (discovered 2 exits: [*Fac x2]) -6/Factory -6/Extension (discovered 2 exits: [*Fac] / *Cet) -6/Cetus (discovered 2 exits: [*Fac] / *Arc) -6/Archives (discovered 3 exits: [*Fac] / *Hub x2) -6/Hub_04(d) (discovered 1 exit: [*Fac]) History --------- Turn | Location | Event 10 | -11/Scrapyard | Discovered new exit (range 15) 48 | -11/Scrapyard | Entered Materials 189 | -10/Materials | Discovered new exit (range 11) 211 | -10/Materials | Entered another Materials area 211 | -9/Materials | Evolved 2 slots: Utility x1, Weapon x1 312 | -9/Materials | Build established: Mutant 435 | -9/Materials | Discovered new exit (range 13) 541 | -9/Materials | Discovered new exit (range 13) 597 | -9/Materials | Entered Storage 637 | -9/Storage | Build established: Tank 825 | -9/Storage | Destroyed 8 combat bots 1300 | -9/Storage | Discovered new exit (range 16) 1330 | -9/Storage | Entered Materials 1330 | -8/Materials | Evolved 2 slots: Power x1, Utility x1 1576 | -8/Materials | Build established: Gunner 1717 | -8/Materials | Discovered new exit (range 16) 1779 | -8/Materials | Entered Factory 1779 | -7/Factory | Evolved 2 slots: Utility x2 2595 | -7/Factory | Build established: Hacker-Gunner 2849 | -7/Factory | Repaired Field Laser 2887 | -7/Factory | Repaired Field Laser 3005 | -7/Factory | Build established: Scavenger-Gunner 3180 | -7/Factory | Discovered new exit (range 6) 3287 | -7/Factory | Lost 3 parts (1p1u1w) 3444 | -7/Factory | Discovered new exit (range 12) 3486 | -7/Factory | Entered another Factory area 3486 | -6/Factory | Evolved 2 slots: Utility x2 3514 | -6/Factory | Lost 3 parts (1p1n1w) 3639 | -6/Factory | Discovered new exit (range 16) 3654 | -6/Factory | Entered Extension 3696 | -6/Extension | Rescued a captive Derelict 3696 | -6/Extension | Rescued a captive Derelict 3755 | -6/Extension | Rescued a captive Derelict 3755 | -6/Extension | Rescued a captive Derelict 3966 | -6/Extension | Rescued a captive Derelict 4004 | -6/Extension | Disrupted transfer network 4069 | -6/Extension | Spotted B-75 Beast 4078 | -6/Extension | Build established: Mutant 4990 | -6/Extension | Build established: Gunner 6330 | -6/Extension | Core integrity fell below 50% 6354 | -6/Extension | Energy Cycler disabled 6355 | -6/Extension | Rescued A7 6355 | -6/Extension | Rescued a captive Derelict 6355 | -6/Extension | Rescued a captive Derelict 6357 | -6/Extension | Rescued a captive Derelict 6358 | -6/Extension | Rescued a captive Derelict 6653 | -6/Extension | Discovered new exit (range 10) 6655 | -6/Extension | Discovered new exit (range 6) 6667 | -6/Extension | Entered Cetus 6667 | -6/Cetus | Accompanied by 2 allies (A7) 6672 | -6/Cetus | Acquired a Cetus Manufacturing Module code from A7 6689 | -6/Cetus | Spotted Cetus Guard 6690 | -6/Cetus | Spotted Cetus Guard 6693 | -6/Cetus | Allies destroyed Cetus Guard 6693 | -6/Cetus | Spotted Cetus Guard 6695 | -6/Cetus | Allies destroyed Cetus Guard 6699 | -6/Cetus | Allies destroyed Cetus Guard 6699 | -6/Cetus | Spotted Cetus Guard 6707 | -6/Cetus | Allies destroyed Cetus Guard 6883 | -6/Cetus | Escorted A7 to Cetus Mainframe 7007 | -6/Cetus | Started Cetus Manufacturing Module 7032 | -6/Cetus | Manufactured an Enhanced Grunt 7046 | -6/Cetus | Discovered new exit (range 15) 7057 | -6/Cetus | Manufactured an Enhanced Grunt 7082 | -6/Cetus | Manufactured an Enhanced Grunt 7107 | -6/Cetus | Manufactured an Enhanced Grunt 7132 | -6/Cetus | Manufactured an Enhanced Grunt 7259 | -6/Cetus | Spotted Cetus Guard 7260 | -6/Cetus | Spotted Cetus Guard 7263 | -6/Cetus | Spotted Cetus Guard 7264 | -6/Cetus | Spotted Cetus Guard 7269 | -6/Cetus | Allies destroyed Cetus Guard 7272 | -6/Cetus | Destroyed Cetus Guard 7276 | -6/Cetus | Allies destroyed Cetus Guard 7280 | -6/Cetus | Allies destroyed Cetus Guard 7291 | -6/Cetus | Discovered new exit (range 16) 7306 | -6/Cetus | Met Revision 17 7382 | -6/Cetus | Entered Archives 7382 | -6/Archives | Accompanied by 6 allies (A7) 7388 | -6/Archives | Received a hacking code to weaken MAIN.C 7454 | -6/Archives | Unable to access archive contents 7479 | -6/Archives | Unable to access archive contents 7486 | -6/Archives | Discovered new exit (range 13) 7545 | -6/Archives | Discovered new exit (range 13) 7599 | -6/Archives | Discovered new exit (range 16) 7670 | -6/Archives | Unable to access archive contents 7689 | -6/Archives | Unable to access archive contents 7707 | -6/Archives | Unable to access archive contents 7725 | -6/Archives | Unable to access archive contents 7725 | -6/Archives | Unable to access archive contents 7834 | -6/Archives | Unable to access archive contents 7968 | -6/Archives | Entered Hub_04(d) 7968 | -6/Hub_04(d) | Accompanied by 5 allies 8161 | -6/Hub_04(d) | Build established: Scavenger-Gunner 8247 | -6/Hub_04(d) | Garrison activated, responded to threat 8487 | -6/Hub_04(d) | Discovered new exit (range 10) 8668 | -6/Hub_04(d) | First assault squad dispatched 8976 | -6/Hub_04(d) | Core integrity fell below 20% 9095 | -6/Hub_04(d) | Spotted B-75 Beast 9167 | -6/Hub_04(d) | Destroyed B-75 Beast 9172 | -6/Hub_04(d) | Lost 3 parts (1n2w) 9512 | -6/Hub_04(d) | Build established: Gunner 9855 | -6/Hub_04(d) | Network Hub disabled 10208 | -6/Hub_04(d) | Spotted Lightning 10208 | -6/Hub_04(d) | Spotted Lightning 10209 | -6/Hub_04(d) | Destroyed by Lightning with EMDS Last Messages --------------- G-50 Soldier destroyed. Slug penetrates Wall. HV Slug penetrates Wall. Acquired 119 matter. Slug penetrates P-60 Hacker. HV Slug penetrates P-60 Hacker. HV Slug penetrates Wall. System corrupted: Heat flow error (+125). Slug penetrates Wall. HV Slug penetrates Earth. HV Slug penetrates P-60 Hacker. P-60 Hacker destroyed. Slug penetrates Wall. HV Slug penetrates Wall. Acquired 35 matter. K-01 Serf collects debris. System corrupted: Energy discharge (-170). EMDS Slug penetrates Wall. Penetrated by EMDS Slug. Adv. Heat Sink destroyed. Map ----- +----------------------------------------------------+ | ?????????????????????????# ==! | | ?????????????????????????#=% ############## | | ?????????????????????????## ############ | | ????????????????########### # ""G"" ## | | ????????????????# # # "" "" ## | | ????############# # # ## | | ????# = !# # # """"## | | ????# " # + / """"## | | ????# """ # # # """"## | | ????# """"" # # # """"## | | ????# """"""" # ! + # !% ## | | ????# """"" # " ######### ##### | | ????# """ ############+#####???######## | | ????# " #??????# =%* #?? | | ????#! ! ######## " " " " #?? | | ????# ## # " " " " #? | | ????######++###### "" # " " " " #? | | ######?### #????# "T [# #? | | # """"? ## #????# "" # #? | | # ""T"" ## ###### # ! #? | | # ##% + """ # #??######### | | # ## =h # ####"###########?????? | | # ! #%! h ###+###### # ??????? | | # + # """ """ #???? | | # """" # + #???? | | ? """" # #######@##### # """ """ #???? | | ??"""" #" ###?# # # ??????? | | ??"""" ?##*"#??# # # """ """?????? | | ?? ?#*=%#??# ! #![+ ] #???? | | ??###+#?##%##??# ;!%################# | | ????# #??#!#???###########;#########???# | | ????# ####+#######" !%= #???# # | | ????# ## = ## %=[ [ #???# # | | ????# ## T ## ![ #???# # | | ????# ## ## #???# # | | ????# + """" ## #####+##=# | | ????#### = """" ##+######"##"###+## + / | | ???????#=% """" # # """" # # | | ???????# """" # = + """" # # | | ???????# # ####%#"###### # """" # # | | ???????# """" # #??#%##?????# # """" # # | | ???????# """" # ####!#??????# + # # | | # #! """" # ####+######## ######## | | ? """ +[ """" # =##% ## ##?#####+# | | # #[ *%] +!!## % # #?# """ " | | ? """?# !! #[!## =/%T" #?# | | ?? [![###/#######=%## # " #?# | | # """!#=[ *#####![=[#% = # #?# | | # =[%%+![%*=!%*[% %%# %/ ! ! ##+#########+# | | # [""#=%!=%%*!! %%%+% =[ * # | +----------------------------------------------------+ Best States ------------- Heat Dissipation 75 Energy Generation 41 Energy Capacity 565 Matter Stores 1300 Matter Capacity 1300 Sight Range 16 Terrain Scan Density 10 Armor Coverage 225 Weapon Cycling 30 Evasion (%) 63 Targeting Accuracy 8 Target Analysis 5 Recoil Reduction 4 Offensive Hacking 10 Defensive Hacking 12 Item Schematics ----------------- Field Laser | -8/Materials | Scanalyzed Enh. Gauss Cannon | -7/Factory | Hacked Hvy. Pick | -6/Extension | Hacked Robot Schematics ------------------ None Fabricated ------------ Nothing Repaired ---------- Field Laser | 18% | -7/Factory Alien Tech Used ----------------- None Achievements -------------- Main Advantage Project G-00 Revising The Future Treasure Hunter Challenges ------------ None Game ------ Seed ChromionMiniMallet Manual? 0 Play Time 01:10:37 Cumulative 149.5 hours Start 2025.09.20 @ 10:36:01 End 2025.09.20 @ 13:20:56 Sessions 1 Manual Loads 0 Difficulty Rogue Special Mode None Game No. 486 Rogue 486 Adventurer 0 Explorer 0 Win Type - Total 0 Types 0/0/0/0/0/0/0/0/0/0 Lore% 54 Gallery% 52 Achievement% 42 Wizard Run 0 Options --------- Layout 1 ASCII 0 Keyboard 0 Movement Mouse Keybinds 0 Fullscreen 2 Font 24/Smallcaps Map View 50x35 Zoom Use 0% Tactical HUD 0 Map Filters NONE Filters NONE Steam 1 RUN: 36adf8db-2adf-4408-bed8-29acfd6e4827